 Seeded DCSS version 0.30.1-4-g462c640d31 (webtiles) character file.

Game seed: 6351066067085065685 (custom seed)

13960 Esekla the Thaumaturge (level 11, -25/63 HPs)
             Began as a Deep Elf Necromancer on Aug 19, 2023.
             Was an Initiate of Vehumet.
             Annihilated by an ogre
             ... wielding a +0 giant spiked club
             ... led by Lodul
              (35 damage)
             ... on level 12 of the Dungeon.
             The game lasted 01:31:20 (11243 turns).

Esekla the Thaumaturge (Deep Elf Necromancer)      Turns: 11243, Time: 01:31:21

Health: -25/63     AC:  7    Str:  5    XL:     11   Next: 82%
Magic:  18/31      EV: 15    Int: 25    God:    Vehumet [......]
Gold:   620        SH:  0    Dex: 18    Spells: 0/38 levels left

rFire   . . .        s - +5 rapier of the Hero {heavy, rN+ Dex+3}
rCold   . . .        (no shield)
rNeg    + . .        P - +0 troll leather armour
rPois   .            g - +0 helmet
rElec   .            G - +0 cloak
rCorr   .            i - +0 pair of gloves
SInv    .            (no boots)
Will    +....        B - amulet of magic regeneration
Stlth   +++          (no ring)
HPRegen 1.10/turn    (no ring)
MPRegen 0.62/turn

%: no passive effects
@: studying Fighting
A: no striking features
a: Renounce Religion


You were on level 12 of the Dungeon.
You worshipped Vehumet.
Vehumet was noncommittal.
You visited 1 branch of the dungeon, and saw 11 of its levels.
You visited the Abyss 1 time.
You also visited: Trove and Bailey.

You collected 620 gold pieces.

Inventory:

Hand Weapons
 a - a +5 scimitar
 r - a +0 trident
 s - the +5 rapier of the Hero (weapon) {heavy, rN+ Dex+3}
   (You found it on level 3 of the Dungeon)

   Dex:       It affects your dexterity (+3).
   rN:        It protects you from negative energy.
Missiles
 w - 46 poisoned darts
 J - a curare-tipped dart
 L - 2 boomerangs (quivered)
Armour
 g - a +0 helmet (worn)
 i - a +0 pair of gloves (worn)
 G - a +0 cloak (worn)
 P - a +0 troll leather armour (worn)
 W - a +0 buckler of protection
Magical Staves
 f - a staff of fire
Jewellery
 d - an amulet of faith
 l - the ring of the Scavenger {Str+6 Dex+3}
   (You found it in a treasure trove)

   [ring of strength]

   Str:       It affects your strength (+6).
   Dex:       It affects your dexterity (+3).
 q - an amulet of reflection
 B - an amulet of magic regeneration (around neck)
 E - the ring "Lobbiu Zeimn" {+Blink Fly rF+++ Str-2 Dex-2}
   (You found it in a treasure trove)

   [ring of flight]

   Str:       It affects your strength (-2).
   Dex:       It affects your dexterity (-2).
   rF:        It renders you almost immune to fire.
   Fly:       It grants you flight.
   +Blink:    It lets you blink.
 R - a ring of ice
 U - a +6 ring of strength
Wands
 o - a wand of roots (11)
 D - a wand of flame (4)
 I - a wand of mindburst (4)
 O - a wand of digging (9)
Scrolls
 c - a scroll of torment {unknown}
 k - a scroll of enchant armour {unknown}
 m - a scroll of immolation {unknown}
 v - 2 scrolls of fog
 x - a scroll of summoning
 y - 4 scrolls of enchant weapon {unknown}
 z - a scroll of silence
 A - a scroll of magic mapping
 F - a scroll of brand weapon {unknown}
 H - a scroll of poison {unknown}
 K - 2 scrolls of acquirement
 M - a scroll of vulnerability {unknown}
 T - a scroll of teleportation
Potions
 b - 2 potions of magic
 h - 7 potions of curing
 j - 3 potions of attraction {unknown}
 n - 2 potions of heal wounds
 p - 3 potions of haste
 t - 2 potions of mutation
 u - 5 potions of brilliance {unknown}
 C - a potion of lignification
 N - a potion of cancellation
 Q - 2 potions of degeneration {unknown}
 S - 2 potions of flight {unknown}
 V - a potion of berserk rage {unknown}


   Skills:
 * Level 5.1 Fighting
 + Level 4.2(4.3) Short Blades
 + Level 0.7(2.5) Long Blades
 + Level 2.0 Throwing
 * Level 2.0 Armour
 * Level 8.1 Dodging
 + Level 4.2 Stealth
 * Level 14.1 Spellcasting
 * Level 0.7 Conjurations
 + Level 11.4 Necromancy
 + Level 6.4 Translocations
 * Level 1.2 Transmutations
 + Level 5.2 Fire Magic
 * Level 1.2 Ice Magic
 + Level 3.0 Poison Magic
 + Level 1.5 Evocations


You couldn't memorise any spells.
You knew the following spells:

 Your Spells              Type           Power      Damage    Failure   Level
a - Necrotise             Necr           100%       1d9       1%          1
b - Foxfire               Conj/Fire      100%       2x1d9     1%          1
c - Mephitic Cloud        Conj/Pois/Air  24%        N/A       10%         3
d - Vampiric Draining     Necr           66%        2d10      1%          3
f - Fireball              Conj/Fire      16%        3d8       38%         5
g - Ozocubu's Refrigerat  Ice            12%        4d10      100%        7
o - Scorch                Fire           88%        2d8       1%          2
t - Teleport Other        Tloc           50%        N/A       1%          3
v - Poisonous Vapours     Pois/Air       50%        N/A       4%          2
w - Wereblood             Tmut           23%        N/A       4%          2
x - Olgreb's Toxic Radia  Pois           32%        N/A       16%         4
z - Freezing Cloud        Conj/Ice/Air   10%        6-21      73%         5

Your spell library contained the following spells:

 Spells                   Type           Power      Damage    Failure   Level
 Lesser Beckoning         Tloc           100%       N/A       1%          2
 Momentum Strike          Conj/Tloc      70%        3d9       1%          2
 Sublimation of Blood     Necr           66%        N/A       1%          2
 Gell's Gravitas          Tloc           50%        N/A       1%          3
 Animate Dead             Necr           66%        N/A       1%          4
 Agony                    Necr           66%        N/A       1%          5
 Spider Form              Tmut/Pois      28%        N/A       6%          3
 Hailstorm                Conj/Ice       22%        3d7       11%         3
 Dazzling Flash           Conj/Hex       38%        N/A       13%         3
 Flame Wave               Conj/Fire      32%        2d9       16%         4
 Cause Fear               Hex            8%         N/A       45%         4
 Silence                  Hex/Air        8%         N/A       82%         5
 Summon Mana Viper        Hex/Summ       17%        N/A       82%         5
 Starburst                Conj/Fire      16%        6d6       93%         6
 Plasma Beam              Fire/Air       15%        2x1d29    95%         6
 Summon Hydra             Summ           8%         N/A       100%        7


Dungeon Overview and Level Annotations

Branches:
Dungeon (12/15)            Temple (0/1) D:6            Lair (0/5) D:11
    Orc (0/2) D:10         Bailey (visited)

Altars:
Dithmenos
Fedhas
Hepliaklqana
Okawaru
Qazlal
Ru
Trog
Vehumet
Zin
The Shining One

Shops:
D:2 =   D:4 (   D:11 *

Annotations:
D:7 Menkaure
D:9 Harold
D:11 Lodul, Psyche


Message History

Aiming: Vampiric Draining (safe; 1% risk of failure)
Press: ? - help, Shift-Dir - straight line, f - ogre
Aim: an ogre, wielding a +0 giant spiked club You draw life force from the ogre!
You feel life coursing into your body. The ogre hits you with a +0 giant club!
* * * LOW HITPOINT WARNING * * *
The ogre misses you.
Casting: Vampiric Draining (safe; 1% risk of failure)
Confirm with . or Enter, or press ? or * to list all spells.
Aiming: Vampiric Draining (safe; 1% risk of failure)
Press: ? - help, Shift-Dir - straight line, f/p - ogre
Aim: an ogre, wielding a +0 giant spiked club (heavily wounded)
You draw life force from the ogre!
You feel life coursing into your body. The ogre barely misses you.
Casting: Vampiric Draining (safe; 1% risk of failure)
Confirm with . or Enter, or press ? or * to list all spells.
Aiming: Vampiric Draining (safe; 1% risk of failure)
Press: ? - help, Shift-Dir - straight line, f/p - ogre
Aim: an ogre, wielding a +0 giant spiked club (severely wounded)
You draw life force from the ogre!
You kill the ogre!
Vehumet accepts your kill.
You feel life coursing into your body.
Cornered, the ogre turns to fight!
Casting: Vampiric Draining (safe; 1% risk of failure)
Confirm with . or Enter, or press ? or * to list all spells.
You begin to radiate toxic energy.
The ogre is poisoned. x2
The ogre looks even sicker.
The ogre hits you with a +0 giant club!!
* * * LOW HITPOINT WARNING * * *
Casting: Olgreb's Toxic Radiance (dangerous; 16% risk of failure)
Confirm with . or Enter, or press ? or * to list all spells.
Aiming: Vampiric Draining (safe; 1% risk of failure)
Press: ? - help, Shift-Dir - straight line, f - ogre
Aim: an ogre, wielding a +0 giant spiked club (lightly wounded, poisoned)
You draw life force from the ogre!
You feel life coursing into your body.
The ogre looks even sicker.
Your toxic aura wanes.
The ogre hits you with a +0 giant spiked club!!
Ouch! That really hurt!
You die...

##### ######## ....# ###########
#......#### ....#
#.........####.^....'..###
....####........)O.##......##....
....##.'........@#.##......######
....#..#.<......O#..#......#
....'.#####'#######.#....(.#
....### #^# #.'......# ##### #.##
###......# .### #..## ##.....#
...# ##..# ######.#### ##.# ##.#
###.........# ##.###
####'#####.'.........#


You could see 2 ogres.

Vanquished Creatures
  A two-headed ogre (D:9)
  Pikel (D:6)
  An ugly thing (D:12)
  2 orc knights (Bailey)
  4 cyclopes
  A rime drake (D:11)
  A polar bear (D:11)
  5 trolls
  2 ynoxinuls
  4 centaur simulacra (D:11)
  9 yaks
  A vampire (D:12)
  A wraith (D:12)
  A small abomination (Abyss:2)
  A basilisk (D:12)
  3 wyverns
  A steam dragon (D:9)
  5 ice beasts
  A sky beast (D:6)
  9 orc warriors
  2 black bears
  2 ogres
  7 wolves
  A centaur (D:10)
  Blork the orc (D:6)
  3 kobold brigands
  A bullfrog (D:9)
  2 gnoll sergeants
  2 scorpions (D:5)
  7 wights (D:9)
  20 killer bees
  2 howler monkeys (D:10)
  An electric eel (D:11)
  A gnoll bouda (D:4)
  5 hounds
  A jelly (D:6)
  Crazy Yiuf (D:7)
  4 orc priests
  A sleepcap (D:5)
  5 iguanas
  8 orc wizards
  18 gnolls
  9 adders
  6 white imps
  An ufetubus (D:5)
  A worm (D:4)
  3 dart slugs
  38 orcs
  6 ball pythons
  4 endoplasms
  9 goblins
  7 hobgoblins
  A quokka (D:1)
  4 bats
  4 frilled lizards
  19 kobolds
  A rat (D:2)
262 creatures vanquished.

Vanquished Creatures (others)
  4 starspawn tentacles (Abyss:3)
4 creatures vanquished.

Grand Total: 266 creatures vanquished

Notes
Turn   | Place    | Note
-------+----------+-------------------------------------------
     0 | D:1      | Esekla the Deep Elf Necromancer began the quest for the
                  | Orb.
     0 | D:1      | Reached XP level 1. HP: 10/10 MP: 6/6
   154 | D:2      | Reached skill level 5 in Necromancy
   354 | D:4      | Found a glowing silver altar of Zin.
   402 | D:4      | Found an iron altar of Okawaru.
   413 | D:4      | Found a radiant altar of Vehumet.
   417 | D:4      | Became a worshipper of Vehumet
   550 | D:3      | Reached XP level 2. HP: 15/15 MP: 8/8
   867 | D:3      | Identified the +5 rapier of the Hero {heavy, rN+ Dex+3}
   967 | D:2      | Found Renulab's Jewellery Shop.
  1070 | D:2      | Noticed a black bear
  1213 | D:1      | Reached XP level 3. HP: 16/19 MP: 9/9
  1400 | D:1      | Learned a level 3 spell: Vampiric Draining
  1426 | D:1      | Reached * piety under Vehumet
  1426 | D:1      | Offered knowledge of Foxfire by Vehumet.
  1468 | D:1      | Learned a level 3 spell: Teleport Other
  1470 | D:1      | Learned a level 1 spell: Foxfire
  1615 | D:1      | Reached XP level 4. HP: 9/24 MP: 0/11
  1728 | D:2      | Found a faded altar of an unknown god.
  1809 | D:2      | Reached skill level 1 in Short Blades
  2154 | D:3      | Reached skill level 1 in Translocations
  2321 | D:3      | Found a stormy altar of Qazlal.
  2385 | D:3      | Found a hazy altar of Hepliaklqana.
  2385 | D:3      | Found a bloodstained altar of Trog.
  2398 | D:3      | Reached skill level 4 in Spellcasting
  2398 | D:3      | Reached XP level 5. HP: 26/28 MP: 5/13
  2629 | D:2      | Killed a black bear
  2732 | D:4      | Found a glowing golden altar of the Shining One.
  2760 | D:4      | Reached XP level 6. HP: 25/32 MP: 11/14
  3036 | D:4      | Found Ponaysk's Antique Weapon Boutique.
  3438 | D:5      | Entered Level 5 of the Dungeon
  3446 | D:5      | Got the Parchment of the Lumpy Olives
  3455 | D:5      | Found a shadowy altar of Dithmenos.
  3565 | D:5      | Reached skill level 5 in Spellcasting
  3711 | D:5      | Reached skill level 1 in Throwing
  3711 | D:5      | Reached XP level 7. HP: 33/36 MP: 10/16
  4010 | D:5      | Reached ** piety under Vehumet
  4010 | D:5      | Offered knowledge of Momentum Strike by Vehumet.
  4276 | D:5      | Reached skill level 6 in Spellcasting
  4361 | D:5      | Learned a level 2 spell: Momentum Strike
  4452 | D:6      | Found a blossoming altar of Fedhas.
  4490 | D:6      | Reached XP level 8. HP: 33/41 MP: 10/20
  4622 | D:6      | Reached skill level 7 in Spellcasting
  4726 | D:6      | Reached skill level 5 in Dodging
  4847 | D:6      | Noticed Pikel
  4864 | D:6      | Killed Pikel
  4865 | D:6      | Reached skill level 8 in Spellcasting
  4931 | D:6      | Found a staircase to the Ecumenical Temple.
  5146 | D:6      | Noticed Blork the orc
  5210 | D:6      | Killed Blork the orc
  5210 | D:6      | Offered knowledge of Scorch by Vehumet.
  5214 | D:6      | Learned a level 2 spell: Scorch
  5325 | D:7      | Found a runed translucent door.
  5326 | D:7      | Noticed Crazy Yiuf
  5336 | D:7      | Killed Crazy Yiuf
  5387 | D:7      | Reached skill level 1 in Evocations
  5387 | D:7      | Reached XP level 9. HP: 45/45 MP: 23/23
  5490 | D:7      | Noticed Menkaure
  5493 | D:7      | You fall into a shaft and drop 3 floors!
  5493 | D:10     | Entered Level 10 of the Dungeon
  5568 | D:10     | Reached skill level 1 in Fire Magic
  5652 | D:10     | Reached skill level 9 in Spellcasting
  5691 | D:10     | Reached *** piety under Vehumet
  5794 | D:10     | Noticed a gargoyle
  5804 | D:10     | Found a sacrificial altar of Ru.
  5844 | D:9      | Noticed a cyclops
  5957 | D:9      | Noticed a two-headed ogre
  6054 | D:9      | Found a flagged portal.
  6096 | Bailey   | Entered a bailey
  6266 | Bailey   | Offered knowledge of Flame Wave by Vehumet.
  6273 | Bailey   | Learned a level 4 spell: Flame Wave
  6393 | Bailey   | Identified the +2 bardiche of Puhoisos {heavy, rElec
                  | Stlth+}
  6455 | Bailey   | Reached skill level 10 in Spellcasting
  6607 | Bailey   | Noticed an orc knight
  6607 | Bailey   | Noticed an orc knight
  6929 | Bailey   | Killed an orc knight
  6930 | Bailey   | Reached skill level 1 in Fighting
  6930 | Bailey   | Reached skill level 5 in Translocations
  6953 | Bailey   | Killed an orc knight
  6954 | Bailey   | Reached XP level 10. HP: 46/52 MP: 24/26
  7197 | D:9      | Reached skill level 10 in Necromancy
  7336 | D:9      | Killed a two-headed ogre
  7337 | D:9      | Reached skill level 11 in Spellcasting
  7403 | D:9      | Noticed Harold
  7430 | D:9      | Reached **** piety under Vehumet
  7487 | D:9      | Killed a cyclops
  7714 | D:10     | Offered knowledge of Olgreb's Toxic Radiance by Vehumet.
  7731 | D:10     | Reached skill level 12 in Spellcasting
  7783 | D:10     | Learned a level 4 spell: Olgreb's Toxic Radiance
  7897 | D:10     | Found a staircase to the Orcish Mines.
  8083 | D:11     | Reached XP level 11. HP: 56/60 MP: 19/29
  8363 | D:11     | Reached skill level 1 in Poison Magic
  8736 | D:11     | Found Fagafuf's Pet Rocks.
  8743 | D:11     | Reached skill level 1 in Armour
  8921 | D:11     | Reached skill level 13 in Spellcasting
  8936 | D:10     | Reached ***** piety under Vehumet
  8938 | D:10     | Reached skill level 5 in Fire Magic
  9071 | D:10     | Offered knowledge of Ozocubu's Refrigeration by Vehumet.
  9080 | D:10     | Learned a level 7 spell: Ozocubu's Refrigeration
  9434 | D:11     | Got Simple Magic
  9609 | D:12     | Learned a level 2 spell: Wereblood
  9630 | D:11     | Found a staircase to the Lair.
  9635 | D:11     | Noticed Lodul
  9751 | D:12     | Found a portal to a secret trove of treasure.
  9866 | D:12     | Noticed a red ugly thing
  9977 | D:11     | Noticed Psyche
 10014 | D:11     | Noticed a two-headed ogre
 10017 | Abyss:1  | Cast into level 1 of the Abyss (Psyche)
 10065 | Abyss:1  | Found a corrupted altar of Lugonu.
 10141 | Abyss:1  | Noticed a wretched star
 10164 | Abyss:1  | Noticed a wretched star
 10267 | Abyss:1  | Noticed a thrashing horror
 10279 | Abyss:1  | Noticed a tentacled starspawn
 10403 | Abyss:3  | Noticed a tentacled starspawn
 10404 | Abyss:3  | Found a corrupted altar of Lugonu.
 10474 | Abyss:3  | Noticed a starcursed mass
 10484 | Abyss:3  | Reached skill level 5 in Fighting
 10499 | Abyss:3  | Paralysed by accursed screaming for 1 turns
 10543 | D:11     | Escaped the Abyss
 10594 | D:12     | Reached skill level 1 in Ice Magic
 10786 | D:12     | Reached skill level 1 in Transmutations
 10860 | D:12     | Killed a red ugly thing
 10861 | D:12     | Reached skill level 14 in Spellcasting
 10957 | D:12     | Learned a level 3 spell: Mephitic Cloud
 10963 | D:12     | Learned a level 5 spell: Freezing Cloud
 10997 | D:12     | Learned a level 2 spell: Poisonous Vapours
 11003 | D:12     | Learned a level 5 spell: Fireball
 11169 | Trove    | Entered a treasure trove
 11179 | Trove    | Identified the ring of the Scavenger {Str+6 Dex+3}
 11181 | Trove    | Identified the ring "Lobbiu Zeimn" {+Blink Fly rF+++ Str-2
                  | Dex-2}
 11196 | Trove    | Identified the +7 quarterstaff of Generosity {flame, Fly
                  | rN+}
 11203 | Trove    | Identified the +3 ring mail "Poady" {+Inv rF+ Dex+2 Slay-4}
 11242 | D:12     | HP: 2/63 [ogre/+0 giant club[Lodul] (25)]
 11243 | D:12     | Annihilated by an ogre

Illustrated notes

Levels and vault maps discovered:
D:1:      sevenhm_arrival_forest_fort_small_3, layout_rooms,
          chequers_serial_rivers_room_b, minmay_misc_feat_five
D:2:      layout_loops_ring, dreamdust_ecumenical_altar_angels_and_demons,
          serial_shops, shop
D:3:      layout_basic, grunt_temple_overflow_open, minmay_misc_feat_iff
D:4:      layout_basic, nicolae_overflow_quartered_altars, serial_shops,
          nicolae_diamond_shop
D:5:      layout_loops_ring, lemuel_doored_altar, minmay_misc_feat_rows,
          dreamdust_wishing_well
D:6:      layout_loops_cross, fedhas_altar_fruit_tree,
          minmay_temple_entry_glass, uniq_pikel, uniq_blork_the_orc
D:7:      layout_basic, uniq_menkaure, uniq_joseph, uniq_crazy_yiuf_cottage
D:9:      layout_irregular_city, kennysheep_little_box, enter_bailey_4,
          minmay_between, uniq_harold
D:10:     layout_basic, nicolae_ru_awakened_eye
D:11:     layout_rooms, hellmonk_lair_entry_icy, serial_ice, serial_ice_j,
          serial_ice_m, serial_ice_o, serial_ice_c, serial_ice_g, serial_ice_f,
          guppyfry_shop_earth, uniq_psyche, uniq_lodul
D:12:     layout_roguey, nicolae_trove_entry_crossroad

Skill      XL: |  1  2  3  4  5  6  7  8  9 10 11 |
---------------+----------------------------------+-----
Necromancy     | 5 6 7 8 9 11 | 11.4
Dodging        | 3 4 5 6 7 8 |  8.1
Stealth        | 3 4 |  4.2
Short Blades   | 1 2 3 4 |  4.2
Translocations | 1 2 3 4 5 6 |  6.4
Spellcasting   | 4 5 6 8 10 12 14 | 14.1
Throwing       | 1 2 |  2.0
Evocations     | 1 |  1.5
Fire Magic     | 3 4 5 |  5.2
Fighting       | 1 3 5 |  5.1
Poison Magic   | 3 |  3.0
Armour         | 2 |  2.0
Ice Magic      | 1 |  1.2
Transmutations | 1 |  1.2
Long Blades    | |  0.7
Conjurations   | |  0.7

Action                     |  1- 3 |  4- 6 |  7- 9 | 10-12 || total
---------------------------+-------+-------+-------+-------++-------
  Melee: Short sword       |    37 |       |       |       ||    37
         Unarmed           |     9 |       |       |       ||     9
         Dagger            |    65 |   160 |   285 |    21 ||   531
         Rapier            |     5 |       |     2 |     5 ||    12
         Punch             |     1 |     2 |     2 |       ||     5
         Scimitar          |       |       |     4 |     8 ||    12
         Long sword        |       |       |       |    31 ||    31
  Throw: Dart              |     4 |    17 |    22 |    24 ||    67
         Boomerang         |       |       |       |     4 ||     4
   Cast: Vampiric Draining |     3 |    28 |    89 |   113 ||   233
         Teleport Other    |       |       |     7 |    16 ||    23
         Scorch            |       |       |     1 |   110 ||   111
         Olgreb's Toxic Ra |       |       |       |    26 ||    26
  Evoke: Wand              |       |       |    19 |     7 ||    26
    Use: Scroll            |       |       |    12 |    11 ||    23
         Potion            |       |       |       |     5 ||     5
   Stab: Sleeping          |     6 |     1 |     8 |     3 ||    18
 Armour: Robe              |    35 |    20 |    64 |    31 ||   150
         Troll leather arm |       |       |       |    24 ||    24
  Dodge: Dodged            |    74 |    83 |   239 |   214 ||   610
